 Dungeon Crawl Stone Soup version 0.28.0 (webtiles) character file.

Game seed: 6605719838962861203

1994 browni3141 the Cleaver (level 9, -6/79 HPs)
             Began as a Minotaur Berserker on Feb 18, 2022.
             Was a Priest of Trog.
             Mangled by a gargoyle (14 damage)
             ... on level 6 of the Dungeon.
             The game lasted 00:04:06 (5304 turns).

browni3141 the Cleaver (Minotaur Berserker)         Turns: 5304, Time: 00:04:07

Health: -6/79      AC: 13    Str: 26    XL:     9   Next: 1%
Magic:  8/8        EV:  8    Int:  4    God:    Trog [***...]
Gold:   180        SH:  0    Dex: 22    Spells: 8/8 levels left

rFire   . . .      SeeInvis .   r - +0 war axe
rCold   . . .      Faith    .   (no shield)
rNeg    . . .      Spirit   .   o - +0 plate armour
rPois   .          Reflect  .   (helmet restricted)
rElec   .          Harm     .   (no cloak)
rCorr   .          Rampage  .   (no gloves)
Will    ++...                   (no boots)
Stlth   ..........              g - amulet of regeneration
HPRegen 2.03/turn               X - +6 ring of dexterity
MPRegen 0.11/turn               x - +6 ring of dexterity

@: brilliant, strong-willed, attractive, regenerating, hasted, very quick
A: horns 2, retaliatory headbutt, sense surroundings 1, MP-powered wands
a: Renounce Religion, Berserk, Trog's Hand


You were on level 6 of the Dungeon.
You worshipped Trog.
Trog was most pleased with you.
You visited 2 branches of the dungeon, and saw 8 of its levels.

You collected 180 gold pieces.


Innate Abilities, Weirdness & Mutations

You have a pair of horns on your head.
You reflexively headbutt those who attack you in melee.
You passively map a small area around you.
You expend magic power (3 MP) to strengthen your wands.


   Skills:
 + Level 7.3 Fighting
 * Level 9.7 Axes
 + Level 6.7 Armour
 - Level 2.1 Dodging
 * Level 6.0 Shields


You had 8 spell levels left.
You didn't know any spells.
Your spell library was empty.

Inventory:

Hand Weapons
 a - a +0 hand axe
 r - a +0 war axe (weapon)
Missiles
 u - 6 curare-tipped darts (quivered) {@f4}
Armour
 b - a +0 animal skin
 h - a +0 chain mail
 o - a +0 plate armour (worn)
 q - a +0 tower shield
Jewellery
 g - an amulet of regeneration (around neck)
 x - a +6 ring of dexterity (right hand)
 R - a ring of resist corrosion
 X - a +6 ring of dexterity (left hand)
Wands
 m - a wand of digging (6)
 t - a wand of mindburst (7)
 v - a wand of polymorph (10)
Scrolls
 c - a scroll of magic mapping {unknown}
 d - 2 scrolls of vulnerability {unknown}
 e - 3 scrolls of teleportation {unknown}
 f - 2 scrolls of identify {@r1}
 p - a scroll of fog {unknown}
 s - a scroll of enchant weapon
Potions
 j - a potion of attraction {!q}
 n - a potion of ambrosia

Dungeon Overview and Level Annotations

Branches:
Dungeon (7/15)             Temple (1/1) D:5

Altars:
Ashenzari
Dithmenos
Nemelex Xobeh
Sif Muna
Vehumet

##.## #. #.#####. ########
#....... ##......# #>......
######...###.# #..####.
#............# #....##.
#.####....##.# #..#.... #.#
#..9....######..####. #.#
#.##@................ #.#
#.#####.####.###..... #.#
#.#####># #.# #.###.
#######.####.......####.###.# ##
#.........#.......###.......#
#.##.##.#.#.......###.###..#####
#.##....#.#......#.##.###.......
#.##.##†#.#.....###.#.#.........
#.##......#......#....#.#.......


You could see a gargoyle.


Message History

It was a potion of haste.
You feel yourself speed up.
The gargoyle hurls a stone arrow at you.
The stone arrow misses you. The gargoyle closely misses you.
You furiously retaliate!
You headbutt the gargoyle.
Your skin stops crawling.
You feel less strong-willed.
The gargoyle hurls a stone arrow at you.
The stone arrow hits you!!
* * * LOW HITPOINT WARNING * * *
The gargoyle is attracted toward you.
Your skin crawls.
You feel strong-willed. The gargoyle barely misses you.
It was a potion of magic.
Magic courses through your body.
The gargoyle hurls a stone arrow at you.
The stone arrow hits you.
* * * LOW HITPOINT WARNING * * *
It was a potion of brilliance.
You feel clever all of a sudden.
The gargoyle hits you with a +0 morningstar.
* * * LOW HITPOINT WARNING * * *
You feel better.
You feel yourself speed up.
The gargoyle hurls a stone arrow at you.
The stone arrow hits you!!
* * * LOW HITPOINT WARNING * * *
As you read the scroll labelled MOYTEUDAUNN, it crumbles to dust.
It is a scroll of identify.
s - a scroll of enchant weapon The gargoyle hits you with a +0 morningstar!
You die...

Skill      XL: |  1  2  3  4  5  6  7  8 |
---------------+-------------------------+-----
Axes           | 4 5 6 7 8 9 |  9.7
Fighting       | 4 5 6 7 |  7.3
Armour         | 3 4 5 6 |  6.7
Shields        | 3 6 |  6.0
Dodging        | |  2.1

Action                   |  1- 3 |  4- 6 |  7- 9 || total
-------------------------+-------+-------+-------++-------
Melee: Hand axe          |    27 |   139 |    27 ||   193
       Headbutt          |     4 |    28 |    28 ||    60
       War axe           |       |       |   103 ||   103
       Punch             |       |       |     4 ||     4
Invok: Berserk           |     1 |     2 |     5 ||     8
       Trog's Hand       |       |       |     3 ||     3
  Use: Potion            |       |       |     9 ||     9
       Scroll            |       |       |     1 ||     1
 Stab: Sleeping          |     1 |       |       ||     1
Armor: Animal skin       |     4 |     3 |       ||     7
       Chain mail        |       |    45 |       ||    45
       Plate armour      |       |    14 |    80 ||    94
Dodge: Dodged            |    18 |    50 |    63 ||   131

Levels and vault maps discovered:
D:1:      sevenhm_arrival_forest_fort_small_2, layout_basic
D:2:      layout_basic, hellmonk_ecumenical_altar_prayer_group, basic_altar
D:3:      minmay_inner_zag, layout_basic, supply_closet_lemuel
D:4:      layout_loops_ring, lemuel_coloured_pillars_altar,
          amcnicky_mini_pool_small
D:5:      layout_basic, minmay_temple_entry_wispy, uniq_grinder
D:6:      layout_loops_cross
D:7:      layout_loops_corners, serial_shops, shop, grunt_decor_arrowhead,
          minmay_the_grid_2x2 [minmay_the_grid_box_x, minmay_the_grid_tree,
          minmay_the_grid_fan, minmay_the_grid_prize_trominoes],
          uniq_prince_ribbit1, uniq_crazy_yiuf_cottage
Temple:   hc_temple_tempest_star

Notes
Turn   | Place    | Note
-------+----------+-------------------------------------------
     0 | D:1      | browni3141 the Minotaur Berserker began the quest for the
                  | Orb.
     0 | D:1      | Reached XP level 1. HP: 19/19 MP: 0/0
     5 | D:1      | Noticed a death yak
   189 | D:1      | Reached skill level 4 in Axes
   189 | D:1      | Reached XP level 2. HP: 27/27 MP: 1/1
   651 | D:1      | Noticed a death yak
   688 | D:2      | Found a shimmering blue altar of Sif Muna.
   707 | D:2      | Noticed a black bear
   717 | D:2      | Killed a black bear
   718 | D:2      | Reached skill level 4 in Fighting
   718 | D:2      | Reached skill level 5 in Axes
   718 | D:2      | Reached skill level 3 in Armour
   718 | D:2      | Reached XP level 3. HP: 18/34 MP: 2/2
   718 | D:2      | Reached XP level 4. HP: 22/41 MP: 3/3
  1438 | D:2      | Found a faded altar of an unknown god.
  1604 | D:3      | Reached ** piety under Trog
  1608 | D:3      | Reached XP level 5. HP: 47/47 MP: 4/4
  2182 | D:3      | Reached skill level 4 in Armour
  2685 | D:4      | Reached skill level 6 in Axes
  2689 | D:4      | Reached skill level 5 in Fighting
  2776 | D:4      | Reached XP level 6. HP: 54/56 MP: 5/5
  3000 | D:4      | Reached skill level 7 in Axes
  3095 | D:4      | Reached skill level 5 in Armour
  3095 | D:4      | Reached XP level 7. HP: 62/62 MP: 6/6
  3496 | D:4      | Reached *** piety under Trog
  3503 | D:4      | Found a sparkling altar of Nemelex Xobeh.
  3568 | D:5      | Entered Level 5 of the Dungeon
  3572 | D:5      | Reached skill level 1 in Shields
  3698 | D:5      | Reached skill level 6 in Fighting
  3759 | D:5      | Reached skill level 2 in Shields
  3891 | D:5      | Reached skill level 8 in Axes
  4007 | D:5      | Noticed Grinder
  4009 | D:5      | Paralysed by Grinder for 5 turns
  4018 | D:5      | Killed Grinder
  4019 | D:5      | Reached skill level 3 in Shields
  4019 | D:5      | Reached XP level 8. HP: 71/71 MP: 7/7
  4089 | D:5      | Found a staircase to the Ecumenical Temple.
  4171 | D:5      | Reached skill level 6 in Armour
  4171 | D:5      | Reached skill level 4 in Shields
  4562 | Temple   | Entered the Ecumenical Temple
  4996 | D:6      | Reached skill level 9 in Axes
  5000 | D:6      | Reached skill level 5 in Shields
  5076 | D:6      | Reached skill level 7 in Fighting
  5231 | D:7      | Noticed a troll
  5234 | D:7      | Noticed a gargoyle
  5238 | D:7      | Noticed a cyclops
  5239 | D:7      | Killed a troll
  5272 | D:6      | Reached skill level 6 in Shields
  5272 | D:6      | Reached XP level 9. HP: 71/79 MP: 8/8
  5287 | D:6      | Gained mutation: You are partially covered in iridescent
                  | scales. (AC +2) [potion of mutation]
  5287 | D:6      | Lost mutation: You are partially covered in iridescent
                  | scales. (AC +2) [potion of mutation]
  5287 | D:6      | Gained mutation: You passively map a small area around you.
                  | [potion of mutation]
  5287 | D:6      | Gained mutation: You expend magic power (3 MP) to
                  | strengthen your wands. [potion of mutation]
  5290 | D:6      | HP: 6/79 [gargoyle/stone arrow (24)]
  5303 | D:6      | HP: 7/79 [gargoyle/stone arrow (18)]
  5304 | D:6      | Mangled by a gargoyle

Vanquished Creatures
  A troll (D:7)
  Grinder (D:5)
  A wraith (D:6)
  A water moccasin (D:6)
  A black bear (D:2)
  An ice beast (D:5)
  A bullfrog (D:6)
  3 scorpions
  A water moccasin zombie (D:5)
  2 water moccasin skeletons (D:5)
  A howler monkey (D:4)
  2 jellies (D:4)
  A hound (D:4)
  3 orc priests (D:5)
  A bullfrog skeleton (D:6)
  2 centaur skeletons
  4 iguanas
  6 orc wizards
  A killer bee zombie (D:6)
  5 hound skeletons
  An adder (D:3)
  2 white imps
  A worm (D:3)
  3 dart slugs
  19 orcs
  3 ball pythons
  4 endoplasms
  3 giant cockroaches
  9 goblins
  6 hobgoblins
  A jackal (D:3)
  2 quokkas
  3 bats
  5 frilled lizards
  8 kobolds
  5 rats
114 creatures vanquished.

Table legend: (Time is in decaauts)
 A = Elapsed time spent in this place.
 B = Non-inter-level travel time spent in this place.
 C = Inter-level travel time spent in this place.
 D = Time resting spent in this place.
 E = Time spent auto-exploring this place.
 F = Levels seen in this place.
 G = Mean time per level.
                   A        B        C        D        E       F      G
               +--------+--------+--------+--------+--------+-----+--------+
         Total |   5397 |   5153 |    244 |    760 |   3546 |   8 |  674.6 |
       Dungeon |   5395 |   5151 |    244 |    760 |   3546 |   7 |  770.7 |
        Temple |      1 |      1 |      0 |      0 |      0 |   1 |    1.0 |
               +--------+--------+--------+--------+--------+-----+--------+

Top non-repeatable levels by time:
     D:3: 1126 daAuts
     D:4: 1023 daAuts
     D:5: 942 daAuts
     D:2: 867 daAuts
     D:1: 689 daAuts
     D:6: 675 daAuts
     D:7: 71 daAuts
  Temple: 1 daAuts

Table legend:
 A = Non-vault XP
 B = Vault XP
 C = Vault XP percentage of total XP
 D = Non-vault monster count
 E = Vault monster count
 F = Vault count percentage of total count
                 A         B        C        D         E       F
            +---------+---------+-------+---------+---------+-------
      Total |    2027 |     822 |  28.9 |     103 |      11 |   9.6
            +---------+---------+-------+---------+---------+-------
        D:1 |      26 |       0 |   0.0 |      13 |       0 |   0.0
        D:2 |     143 |       6 |   4.0 |      10 |       3 |  23.1
        D:3 |      88 |      12 |  12.0 |      22 |       5 |  18.5
        D:4 |     605 |       0 |   0.0 |      23 |       0 |   0.0
        D:5 |     805 |     286 |  26.2 |      27 |       1 |   3.6
        D:6 |     357 |     217 |  37.8 |       7 |       1 |  12.5
        D:7 |       3 |     301 |  99.0 |       1 |       1 |  50.0
            +---------+---------+-------+---------+---------+-------
